 Dungeon Crawl Stone Soup version 0.28-a0-194-g42b4daccc1 (webtiles) character file.

Game seed: 960600584124601276

1159 Mesmaeker13 the Ruffian (level 8, -2/71 HPs)
             Began as a Ghoul Monk on Aug 18, 2021.
             Slain by Pikel (13 damage)
             ... on level 5 of the Dungeon.
             The game lasted 00:07:28 (5869 turns).

Mesmaeker13 the Ruffian (Ghoul Monk)                Turns: 5869, Time: 00:07:28

Health: -2/71      AC: 14    Str: 16    XL:     8   Next: 39%
Magic:  7/7        EV: 11    Int:  6    God:
Gold:   247        SH:  0    Dex: 11    Spells: 7/7 levels left

rFire   . . .      SeeInvis .     - Unarmed
rCold   + . .      Faith    .   (no shield)
rNeg    + + +      Spirit   .   p - +2 chain mail {Will+}
rPois   ∞          Reflect  .   g - +0 helmet
rElec   .          Harm     .   (no cloak)
rCorr   .          Rampage  .   (no gloves)
Will    +....                   q - +0 pair of boots
Stlth   ..........              (no amulet)
HPRegen 0.00/turn               l - +4 ring of evasion
MPRegen 0.10/turn               (no ring)

@: attractive, inhibited regen
A: claws 1, cold resistance 1, negative energy resistance 3, inhibited
regeneration, torment resistance 2
a: no special abilities


You were on level 5 of the Dungeon.
You visited 2 branches of the dungeon, and saw 6 of its levels.

You collected 280 gold pieces.
You spent 33 gold pieces at shops.

Inventory:

Missiles
 a - 18 poisoned darts (quivered)
 u - 6 datura-tipped darts
 v - a throwing net
Armour
 g - a +0 helmet (worn)
 h - a +0 plate armour
 p - a +2 chain mail of willpower (worn)
 q - a +0 pair of boots (worn)
Jewellery
 l - a +4 ring of evasion (left claw)
Wands
 k - a wand of flame (3)
Scrolls
 b - a scroll of summoning {unknown}
 e - a scroll of silence {unknown}
 i - a scroll of holy word {unknown}
 n - a scroll of teleportation {unknown}
 r - a scroll of fear
 t - 3 scrolls of enchant weapon {unknown}
 w - 2 scrolls of identify {unknown}
 y - a scroll of amnesia {unknown}
 z - a scroll of magic mapping {unknown}
 A - a scroll of acquirement {unknown}
Potions
 c - 2 potions of curing {unknown}
 d - a potion of heal wounds {unknown}
 f - 4 potions of mutation {unknown}
 j - 4 potions of attraction
 m - 3 potions of lignification
 o - a potion of brilliance {unknown}
 s - a potion of resistance {unknown}
 x - 2 potions of might {unknown}


   Skills:
 + Level 6.9 Fighting
 + Level 4.6 Armour
 - Level 3.0 Dodging
 - Level 2.1 Stealth
 + Level 7.0 Unarmed Combat


You had 7 spell levels left.
You didn't know any spells.
Your spell library contained the following spells:

 Spells                   Type           Power      Damage    Failure   Level
 Sandblast                Erth           0%         2d4       100%        1
 Passwall                 Tmut/Erth      0%         N/A       100%        2
 Inner Flame              Hex/Fire       0%         N/A       100%        3
 Stone Arrow              Conj/Erth      0%         3d7       100%        3
 Swiftness                Air            0%         N/A       100%        3
 Cause Fear               Hex            0%         N/A       100%        4
 Bolt of Magma            Conj/Fire/Erth 0%         4d4       100%        5
 Lee's Rapid Deconstruct  Erth           0%         3d5*      100%        5
 Invisibility             Hex            0%         N/A       100%        6
 Discord                  Hex            0%         N/A       100%        8
 Shatter                  Erth           0%         3d5*      100%        9


Dungeon Overview and Level Annotations

Branches:
Dungeon (5/15)             Temple (1/1) D:4

Altars:
Dithmenos
Elyvilon
Fedhas
Hepliaklqana
Makhleb
Nemelex Xobeh
Okawaru
Qazlal
Sif Muna
Wu Jian
Xom
Yredelemnul
Zin
The Shining One
Lugonu

Shops:
D:4 (

Annotations:
D:5 Pikel


Innate Abilities, Weirdness & Mutations

You thrive by killing the living.
You are immune to poison.
You have sharp fingernails.
Your flesh is cold resistant. (rC+)
You are immune to negative energy. (rN+++)
You do not regenerate when monsters are visible.
You are immune to unholy pain and torment.


Message History

Pikel is lightly wounded.
Pikel hits you but does no damage.
Your chain mail prevents you from hitting Pikel.
Pikel is lightly wounded.
Pikel waves his whip at you.
Pikel hits you with a +1 whip of electrocution.
You are electrocuted!
You miss Pikel.
Pikel is lightly wounded.
Pikel hits you with a +1 whip of electrocution.
You are electrocuted!
You scratch Pikel.
Pikel is moderately wounded.
Pikel barely misses you.
You scratch Pikel.
Pikel is heavily wounded.
Pikel hits you but does no damage.
You are electrocuted!
You scratch Pikel.
Pikel is heavily wounded.
Pikel closely misses you.
You claw Pikel!
Pikel is severely wounded.
You closely miss Pikel.
Pikel is severely wounded.
Pikel hits you but does no damage.
You are electrocuted!!
* * * LOW HITPOINT WARNING * * *
Unknown command.
Okay, then.
Pikel barely misses you.
It was a potion of attraction.
You feel attractive to monsters. Pikel hits you but does no damage.
The lemure is attracted toward you.
The lemure is attracted toward you. x3; Something is attracted toward you.
Pikel is attracted toward you. The lemure is attracted toward you. x2
Something is attracted toward you. x2
The lemure is attracted toward you. x3
It was a potion of lignification.
You feel woody for a moment.
Pikel cracks his whip.
Pikel hits you but does no damage.
You are electrocuted!
You die...

.........#.#.#.#5#
##########.#.#.#5#
##########.#.#.#5#
......>........#5#
#########......#5#
##### #......#5#
....# #......#5#
....# #......#K#
....# #......#@#
##### ########.#
#.# #.# #.# #.#
#.# #.#
############# #.#


You could see Pikel and 4 lemures.

Vanquished Creatures
  A steam dragon (D:4)
  A water moccasin (D:5)
  A centaur (D:5)
  A phantom (D:4)
  A wyvern zombie (D:5)
  2 scorpions (D:4)
  A howler monkey (D:2)
  An orc priest (D:5)
  5 hounds (D:5)
  A bullfrog skeleton (D:5)
  Terence (D:2)
  3 iguanas
  2 orc wizards
  A hound skeleton (D:4)
  4 gnolls (D:2)
  5 adders
  An adder skeleton (D:4)
  A dart slug (D:2)
  A worm (D:3)
  11 orcs
  5 endoplasms
  7 goblins
  6 hobgoblins
  7 jackals
  6 quokkas
  3 training dummies (D:4)
  9 ball pythons
  5 bats
  6 frilled lizards
  9 kobolds
  5 rats
113 creatures vanquished.

Vanquished Creatures (others)
  2 plants (D:4)
2 creatures vanquished.

Grand Total: 115 creatures vanquished

Notes
Turn   | Place    | Note
-------+----------+-------------------------------------------
     0 | D:1      | Mesmaeker13 the Ghoul Monk began the quest for the Orb.
     0 | D:1      | Reached XP level 1. HP: 19/19 MP: 0/0
   293 | D:1      | Reached XP level 2. HP: 24/26 MP: 1/1
   668 | D:1      | Found a faded altar of an unknown god.
  1196 | D:2      | Reached XP level 3. HP: 33/33 MP: 2/2
  1417 | D:2      | Reached skill level 4 in Unarmed Combat
  1449 | D:2      | Reached skill level 1 in Armour
  1449 | D:2      | Reached XP level 4. HP: 37/40 MP: 3/3
  1748 | D:2      | Reached XP level 5. HP: 29/47 MP: 4/4
  1928 | D:2      | Noticed Terence
  1938 | D:2      | Killed Terence
  2619 | D:3      | Found a shimmering altar of Xom.
  2619 | D:3      | Found a shadowy altar of Dithmenos.
  2943 | D:4      | Noticed a steam dragon
  2955 | D:4      | Killed a steam dragon
  2956 | D:4      | Reached skill level 5 in Fighting
  2956 | D:4      | Reached skill level 5 in Unarmed Combat
  2956 | D:4      | Reached XP level 6. HP: 16/56 MP: 5/5
  3277 | D:4      | Found a staircase to the Ecumenical Temple.
  3284 | Temple   | Entered the Ecumenical Temple
  3451 | D:4      | Reached XP level 7. HP: 52/61 MP: 6/6
  3612 | D:4      | Found Wogeyfar's Firing Range.
  3618 | D:4      | Bought 6 datura-tipped darts for 33 gold pieces
  4205 | D:4      | Reached skill level 6 in Unarmed Combat
  4577 | D:5      | Entered Level 5 of the Dungeon
  4655 | D:5      | Found a sparkling altar of Nemelex Xobeh.
  5129 | D:5      | Reached XP level 8. HP: 48/71 MP: 7/7
  5639 | D:5      | Reached skill level 7 in Unarmed Combat
  5777 | D:5      | Found a hazy altar of Hepliaklqana.
  5847 | D:5      | Noticed Pikel
  5869 | D:5      | Slain by Pikel

Illustrated notes

Levels and vault maps discovered:
D:1:      mainiacjoe_arrival_reflecting_pool, layout_loops_ring,
          dreamdust_ecumenical_altar_angels_and_demons, glass_columns_a,
          patterned_corridor
D:2:      kennysheep_six_static_rooms, layout_rooms, minivault_27, uniq_terence
D:3:      layout_basic, jmf_multi_god_temple, kennysheep_path_1,
          chequers_serial_rivers_micro_e, minmay_misc_feat_rugged
D:4:      layout_basic, minmay_temple_entry_ruins, serial_forest,
          infiniplex_forest_end_double, infiniplex_forest_lined_3,
          infiniplex_forest_clump_large, infiniplex_forest_clump_C,
          infiniplex_forest_lined_3_way, infiniplex_forest_lined_1,
          infiniplex_forest_lined_room_, infiniplex_forest_lined_corner,
          infiniplex_forest_lined_4_way, infiniplex_forest_clump_small,
          kennysheep_cross_bottleneck, nicolae_shop_firing_range
D:5:      layout_basic, nicolae_overflow_crystal_walls,
          mainiacjoe_overflow_catwalk_spiral, minmay_diced_spiral, uniq_pikel
Temple:   kb_corrupted_temple

Skill      XL: |  1  2  3  4  5  6  7  8 |
---------------+-------------------------+-----
Dodging        | 3 |  3.0
Unarmed Combat | 4 5 6 7 |  7.0
Fighting       | 4 5 6 |  6.9
Armour         | 1 2 3 4 |  4.6
Stealth        | |  2.1

Action                   |  1- 3 |  4- 6 |  7- 9 || total
-------------------------+-------+-------+-------++-------
Melee: Unarmed           |    94 |   169 |   176 ||   439
       Punch             |       |     3 |     8 ||    11
Throw: Dart              |     2 |    10 |       ||    12
Evoke: Wand              |       |       |     6 ||     6
  Use: Scroll            |       |     1 |       ||     1
       Potion            |       |       |     2 ||     2
 Stab: Sleeping          |       |     1 |       ||     1
Armor: Robe              |     8 |       |       ||     8
       Leather armour    |     2 |       |       ||     2
       Ring mail         |    21 |    28 |       ||    49
       Chain mail        |       |    48 |    87 ||   135
Dodge: Dodged            |    54 |    71 |    75 ||   200

Table legend: (Time is in decaauts)
 A = Elapsed time spent in this place.
 B = Non-inter-level travel time spent in this place.
 C = Inter-level travel time spent in this place.
 D = Time resting spent in this place.
 E = Time spent auto-exploring this place.
 F = Levels seen in this place.
 G = Mean time per level.
                   A        B        C        D        E       F      G
               +--------+--------+--------+--------+--------+-----+--------+
         Total |   5826 |   5682 |    144 |   1143 |   3499 |   6 |  971.0 |
       Dungeon |   5717 |   5590 |    127 |   1143 |   3410 |   5 | 1143.4 |
        Temple |    108 |     91 |     17 |      0 |     89 |   1 |  108.0 |
               +--------+--------+--------+--------+--------+-----+--------+

Top non-repeatable levels by time:
     D:4: 1523 daAuts
     D:5: 1277 daAuts
     D:1: 1172 daAuts
     D:2: 996 daAuts
     D:3: 747 daAuts
  Temple: 108 daAuts
